 Dungeon Crawl Stone Soup version 0.30.1-11-g7821555f0a (webtiles) character file.

Game seed: 7073683630658379010

116 H0rd4k the Charlatan (level 5, -1/38 HPs)
             Began as a Human Artificer on Dec 18, 2023.
             Slain by an orc wizard
             ... wielding a +0 dagger
              (3 damage)
             ... on level 4 of the Dungeon.
             The game lasted 00:02:05 (2826 turns).

H0rd4k the Charlatan (Human Artificer)              Turns: 2826, Time: 00:02:06

Health: -1/38      AC:  5    Str: 19    XL:     5   Next: 20%
Magic:  5/5        EV: 12    Int: 13    God:
Gold:   269        SH:  0    Dex: 13    Spells: 4/4 levels left

rFire   . . .        a - +0 club
rCold   . . .        (no shield)
rNeg    . . .        b - +0 leather armour
rPois   .            l - +0 helmet
rElec   .            (no cloak)
rCorr   +            (no gloves)
SInv    .            v - +0 pair of boots
Will    .....        (no amulet)
Stlth   +            y - +6 ring of strength
HPRegen 0.26/turn    n - ring of resist corrosion
MPRegen 0.09/turn

%: no passive effects
@: no status effects
A: no striking features
a: no special abilities


You were on level 4 of the Dungeon.
You visited 1 branch of the dungeon, and saw 4 of its levels.

You collected 269 gold pieces.

Inventory:

Hand Weapons
 a - a +0 club (weapon)
Missiles
 A - 4 poisoned darts
Armour
 b - a +0 leather armour (worn)
 l - a +0 helmet (worn)
 v - a +0 pair of boots (worn)
Magical Staves
 k - a staff of cold
Jewellery
 n - a ring of resist corrosion (right hand)
 r - a +6 ring of dexterity
 y - a +6 ring of strength (left hand)
Wands
 c - a wand of flame (5) (quivered)
 d - a wand of charming (10)
 e - a wand of iceblast (17)
Scrolls
 f - 4 scrolls of identify {unknown}
 g - 3 scrolls of teleportation {unknown}
 j - a scroll of magic mapping {unknown}
 m - a scroll of enchant armour {unknown}
 s - a scroll of immolation {unknown}
 t - a scroll of blinking {unknown}
 u - a scroll of poison {unknown}
 x - 2 scrolls of enchant weapon {unknown}
 C - a scroll of vulnerability {unknown}
 D - a scroll of fear {unknown}
 E - a scroll of fog {unknown}
Potions
 h - 3 potions of attraction {unknown}
 i - 2 potions of brilliance {unknown}
 o - a potion of cancellation {unknown}
 p - a potion of degeneration {unknown}
 q - a potion of heal wounds {unknown}
 w - a potion of mutation {unknown}
 z - 3 potions of curing {unknown}
 B - 2 potions of resistance {unknown}


   Skills:
 + Level 2.0 Fighting
 + Level 3.0 Maces & Flails
 - Level 2.0 Armour
 + Level 2.6 Dodging
 - Level 1.0 Stealth
 - Level 3.0 Evocations


You had 4 spell levels left.
You didn't know any spells.
Your spell library contained the following spells:

 Spells                   Type           Power      Damage    Failure   Level
 Apportation              Tloc           0%         N/A       36%         1
 Alistair's Intoxication  Tmut/Pois      0%         N/A       100%        5


Dungeon Overview and Level Annotations

Branches:
Dungeon (4/15)
 Temple: D:4-7

Altars:
Sif Muna


Message History

The orc wizard hits you but does no damage.
There are monsters nearby!
You hit the orc wizard.
The orc wizard is moderately wounded.
The orc wizard gestures at you while chanting.
The magic dart hits you!
An orc wizard comes into view. It is wielding a +0 dagger.
Aiming: Charm
Press: ? - help, Shift-Dir - straight line, f - orc wizard
Aim: an orc wizard, wielding a +0 dagger and wearing a +0 robe (moderately wounded, chance to affect: 56%)
The orc wizard resists with significant effort.
The orc wizard hits you with a +0 dagger.
Unknown command.
Aiming: Charm
Press: ? - help, Shift-Dir - straight line, f/p - orc wizard
Aim: an orc wizard, wielding a +0 dagger and wearing a +0 robe (moderately wounded, chance to affect: 56%)
The orc wizard resists with significant effort.
The orc priest mumbles some strange prayers to Beogh against you.
Beogh smites you!
* * * LOW HITPOINT WARNING * * *
The orc wizard hits you with a +0 dagger.
* * * LOW HITPOINT WARNING * * *
Aiming: Charm
Press: ? - help, Shift-Dir - straight line, f/p - orc wizard
Aim: an orc wizard, wielding a +0 dagger and wearing a +0 robe (moderately wounded, chance to affect: 56%)
The orc wizard resists with significant effort.
The orc priest miscasts a cantrip.
The orc wizard hits you but does no damage.
Aiming: Charm
Press: ? - help, Shift-Dir - straight line, f/p - orc wizard
Aim: an orc wizard, wielding a +0 dagger and wearing a +0 robe (moderately wounded, chance to affect: 56%)
The orc wizard resists with significant effort.
The orc wizard barely misses you.
Unknown command.
Aiming: Charm
Press: ? - help, Shift-Dir - straight line, f/p - orc wizard
Aim: an orc wizard, wielding a +0 dagger and wearing a +0 robe (moderately wounded, chance to affect: 56%)
The orc wizard resists with significant effort.
The orc wizard hits you with a +0 dagger.
You die... .# #.# .# #.# .# .### .# ..# .# #.# .. #oo

.. #o# #o# #@# .. #.#
.# #.# .# #.# ## .#
##### #.# #. .#
##...########.# ####.
.###.............##.#
##....
........###########.#
######..#..
.............# #.#
#..........


You could see an orc priest, 2 orc wizards and an orc.

Vanquished Creatures
  An iguana (D:4)
  3 adders
  A worm (D:2)
  A dart slug (D:3)
  8 ball pythons
  5 bats
  3 endoplasms (D:1)
  5 giant cockroaches
  6 goblins
  6 hobgoblins
  3 jackals (D:1)
  4 quokkas
  7 frilled lizards
  A kobold (D:4)
  4 rats
58 creatures vanquished.

Notes
Turn   | Place    | Note
-------+----------+-------------------------------------------
     0 | D:1      | H0rd4k the Human Artificer began the quest for the Orb.
     0 | D:1      | Reached XP level 1. HP: 15/15 MP: 1/1
   138 | D:1      | Reached XP level 2. HP: 21/21 MP: 2/2
   164 | D:1      | Reached skill level 1 in Maces & Flails
   431 | D:1      | Reached XP level 3. HP: 26/26 MP: 3/3
  1180 | D:2      | Reached XP level 4. HP: 28/32 MP: 4/4
  1934 | D:3      | Identified the +2 ring mail of Defence {Rampage rF- Will++
                  | Regen+}
  2313 | D:4      | Reached XP level 5. HP: 26/38 MP: 5/5
  2489 | D:4      | Found a shimmering blue altar of Sif Muna.
  2823 | D:4      | HP: 1/38 [orc wizard/+0 dagger (2)]
  2826 | D:4      | Slain by an orc wizard

Illustrated notes

Levels and vault maps discovered:
D:1:      dpeg_arrival_boxorama, layout_basic
D:2:      cheibrodos_old_hovel, layout_loops_cross
D:3:      layout_rooms
D:4:      layout_loops_ring, mainiacjoe_overflow_concentric_impassable

Skill      XL: |  1  2  3  4 |
---------------+-------------+-----
Maces & Flails | 1 2 3 |  3.0
Dodging        | 2 |  2.6
Fighting       | 2 |  2.0
Armour         | |  2.0
Stealth        | |  1.0
Evocations     | |  3.0

Action                     |  1- 3 |  4- 6 || total
---------------------------+-------+-------++-------
  Melee: Club              |   154 |   119 ||   273
         Punch             |     2 |     3 ||     5
  Evoke: Wand              |     4 |    11 ||    15
   Stab: Sleeping          |       |     4 ||     4
 Armour: Leather armour    |    51 |    48 ||    99
  Dodge: Dodged            |   110 |    95 ||   205
